 Dungeon Crawl Stone Soup version 0.28-a0-697-g47f3eba078 (webtiles) character file.

Game seed: 2237901087357873062

18 ytrimaz the Shield-Bearer (level 2, 0/24 HPs)
             Began as a Formicid Fighter on Oct 23, 2021.
             Slain by a jackal (1 damage)
             ... on level 1 of the Dungeon.
             The game lasted 00:00:42 (287 turns).

ytrimaz the Shield-Bearer (Formicid Fighter)         Turns: 287, Time: 00:00:42

Health: 0/24       AC:  6    Str: 20    XL:     2   Next: 85%
Magic:  2/2        EV:  9    Int:  7    God:
Gold:   6          SH:  4    Dex: 10    Spells: 1/1 levels left

rFire   . . .      SeeInvis +   a - +0 war axe
rCold   . . .      Faith    .   c - +0 buckler
rNeg    . . .      Spirit   .   b - +0 scale mail
rPois   .          Reflect  .   (helmet unavailable)
rElec   .          Harm     .   (no cloak)
rCorr   .          Rampage  .   (no gloves)
Will    .....                   (no boots)
Stlth   ..........              (no amulet)
HPRegen 0.08/turn               (no ring)
MPRegen 0.08/turn               (no ring)

@: mighty
A: permanent stasis, dig shafts and tunnels, antennae 3, four strong arms
a: Dig, Shaft Self


You were on level 1 of the Dungeon.
You visited 1 branch of the dungeon, and saw 1 of its levels.

You collected 6 gold pieces.

Inventory:

Hand Weapons
 a - a +0 war axe (weapon)
Armour
 b - a +0 scale mail (worn)
 c - a +0 buckler (worn)
Scrolls
 e - a scroll of amnesia {unknown}


   Skills:
 + Level 3.5 Fighting
 + Level 2.3 Axes
 + Level 3.6 Armour
 + Level 3.8 Shields


You had one spell level left.
You didn't know any spells.
Your spell library contained the following spells:

 Spells                   Type           Power      Damage    Failure   Level
 Animate Skeleton         Necr           0%         N/A       78%         1
 Pain                     Necr           0%         1d4       78%         1
 Vampiric Draining        Necr           0%         2d6       98%         3


Dungeon Overview and Level Annotations

Branches:
Dungeon (1/15)

Altars:


Innate Abilities, Weirdness & Mutations

You cannot be hasted, slowed, berserked, paralysed or teleported.
You can dig through walls and to a lower floor.
You have a pair of large antennae on your head. (SInv)
Your four strong arms can wield two-handed weapons with a shield.


Message History

The jackal bites you but does no damage.
You see here a hobgoblin corpse.
The jackal barely misses you.
The jackal bites you but does no damage.
The jackal closely misses you.
Okay, then.
The kobold hits the plant with a +0 dagger.
The plant begins to die.
The jackal bites the plant.
The kobold hits the plant with a +0 dagger.
The kobold hits the plant with a +0 dagger.
Something hits the plant.
Things that are here:
a frilled lizard corpse; a frilled lizard corpse Something hits the plant.
The jackal bites you but does no damage.
The jackal closely misses you.
The jackal bites you but does no damage.
The jackal bites you.
* * * LOW HITPOINT WARNING * * *
The jackal stops to sniff the ground.
You block the jackal's attack. The jackal closely misses you.
The jackal bites you but does no damage.
The jackal bites you but does no damage.
You feel very mighty all of a sudden.
The jackal bites you but does no damage.
You slash the jackal!
You kill the jackal!
The jackal bites you but does no damage.
You closely miss the jackal.
The jackal bites you but does no damage.
The jackal closely misses you.
You slash the jackal!
You kill the jackal!
The jackal bites you.
* * * LOW HITPOINT WARNING * * *
Unknown command.
The jackal bites you.
You die...

#.##...#
.# #..
#.####.# #
#.# #.#
... #.#
#.# ###
##.## #K#
#.... #.#
#..# #h#
######..##
#h#
..........
#@#
######..##
#.####
#..##
#....#
##....
####.#
#..### #.#
#.## #.#
#.#### #.#
#.#... #.#
#..### #.#
#..# #


You could see 2 jackals and a kobold.

Vanquished Creatures
  A ball python (D:1)
  2 endoplasms (D:1)
  2 hobgoblins (D:1)
  3 jackals (D:1)
  6 frilled lizards (D:1)
  3 kobolds (D:1)
  A rat (D:1)
18 creatures vanquished.

Vanquished Creatures (others)
  7 plants (D:1)
7 creatures vanquished.

Grand Total: 25 creatures vanquished

Notes
Turn   | Place    | Note
-------+----------+-------------------------------------------
     0 | D:1      | ytrimaz the Formicid Fighter began the quest for the Orb.
     0 | D:1      | Reached XP level 1. HP: 18/18 MP: 1/1
   208 | D:1      | Reached XP level 2. HP: 22/24 MP: 2/2
   285 | D:1      | HP: 1/24 [jackal (3)]
   287 | D:1      | Slain by a jackal

Illustrated notes

Levels and vault maps discovered:
D:1:      dpeg_arrival_snail, layout_loops_ring, minmay_lizard_king

Action                   || total
-------------------------++-------
Melee: War axe           ||    32
 Abil: Dig               ||     1
  Use: Potion            ||     1
Armor: Scale mail        ||    33
Dodge: Dodged            ||    28
Block: Buckler           ||     9

Table legend: (Time is in decaauts)
 A = Elapsed time spent in this place.
 B = Non-inter-level travel time spent in this place.
 C = Inter-level travel time spent in this place.
 D = Time resting spent in this place.
 E = Time spent auto-exploring this place.
 F = Levels seen in this place.
 G = Mean time per level.
                   A        B        C        D        E       F      G
               +--------+--------+--------+--------+--------+-----+--------+
         Total |    299 |    299 |      0 |      0 |    169 |   1 |  299.0 |
       Dungeon |    299 |    299 |      0 |      0 |    169 |   1 |  299.0 |
               +--------+--------+--------+--------+--------+-----+--------+

Top non-repeatable levels by time:
     D:1: 299 daAuts
